[Event "DEN-chT XtraCon 2018-19"]
[Site "Denmark"]
[Date "2019.01.12"]
[Round "5"]
[White "Rostgaard, Tobias Valentin"]
[Black "Hagen, Andreas Skytte"]
[Result "1/2-1/2"]
[ECO "B52"]
[WhiteElo "2374"]
[BlackElo "2369"]
[Annotator "NA"]
[PlyCount "106"]
[EventDate "2018.10.27"]
[EventType "team-tourn"]
[EventCountry "DEN"]
[SourceTitle "playchess.com"]
[Source "ChessBase"]
[SourceQuality "1"]
[TimeControl "40/5400+30:1800+30"]

1. e4 c5 2. Nf3 d6 3. Bb5+ Bd7 4. Bxd7+ Qxd7 5. c4 Nc6 6. d4 cxd4 7. Nxd4 g6 8. Nc3 Bg7 9. Be3 Nf6 10. f3 O-O 11. Qd3 Rfc8 12. b3 Qd8 13. O-O a6 14. Rac1 Nd7 15. Rfd1 Bxd4 16. Bxd4 Nxd4 17. Qxd4 b5 18. cxb5 axb5 19. Nd5 Rc5 20. Rxc5 Nxc5 21. Rc1 Rxa2 22. b4 Nb3 23. Rc8 Nxd4 24. Rxd8+ Kg7 25. Nxe7 Ne2+ 26. Kf1 Nf4 27. Rxd6 Rxg2 28. Rb6 Rxh2 29. Rxb5 Nd3 30. Rb8 Rf2+ 31. Kg1 Rxf3 32. Rg8+ Kf6 33. Nd5+ Ke5 34. Re8+ Kd4 35. b5 Nc5 36. Nb4 Rb3 37. Nc6+ Ke3 38. Ne5 Nxe4 39. Nc4+ Kf3 40. Rxe4 Rxb5 41. Re7 Kg3 42. Rxf7 Rb1+ 43. Rf1 Rxf1+ 44. Kxf1 h5 45. Kg1 g5 46. Ne3 g4 47. Nf1+ Kf4 48. Nh2 g3 49. Kg2 gxh2 50. Kxh2 h4 51. Kh1 Kg3 52. Kg1 h3 53. Kh1 h2 1/2-1/2

[Event "DEN-chT XtraCon 2018-19"]
[Site "Denmark"]
[Date "2019.01.12"]
[Round "5"]
[White "Olsen, Filip Boe"]
[Black "Hoi, Carsten"]
[Result "1-0"]
[ECO "E61"]
[WhiteElo "2359"]
[BlackElo "2374"]
[Annotator "NA"]
[PlyCount "70"]
[EventDate "2018.10.27"]
[EventType "team-tourn"]
[EventCountry "DEN"]
[SourceTitle "playchess.com"]
[Source "ChessBase"]
[SourceQuality "1"]
[TimeControl "40/5400+30:1800+30"]

1. d4 Nf6 2. c4 g6 3. Nc3 c5 4. d5 d6 5. e4 Bg7 6. h3 O-O 7. Nf3 a6 8. a4 e5 9. Bg5 h6 10. Be3 Nh5 11. g3 f5 12. exf5 gxf5 13. Nh4 Nf6 14. Bd3 f4 15. gxf4 exf4 16. Bxf4 Ne4 17. Ng6 Nxc3 18. bxc3 Rf7 19. Qc2 Qf6 20. Kd2 Nd7 21. Be3 Ne5 22. Nxe5 Qxe5 23. Rag1 Bd7 24. Kc1 Kh8 25. Rg6 Rf6 26. Rhg1 Rxg6 27. Rxg6 Rf8 28. Bxh6 Bxh6+ 29. Rxh6+ Kg8 30. Rg6+ Kf7 31. Rg3 Qf4+ 32. Re3 Bxh3 33. Kb1 Bg4 34. Qb2 Bc8 35. Qb6 Qxf2 1-0

[Event "DEN-chT XtraCon 2018-19"]
[Site "Denmark"]
[Date "2019.01.12"]
[Round "5"]
[White "Sylvan, Jacob"]
[Black "Borge, Nikolaj"]
[Result "1/2-1/2"]
[ECO "E97"]
[WhiteElo "2340"]
[BlackElo "2370"]
[Annotator "NA"]
[PlyCount "61"]
[EventDate "2018.10.27"]
[EventType "team-tourn"]
[EventCountry "DEN"]
[SourceTitle "playchess.com"]
[Source "ChessBase"]
[SourceQuality "1"]
[TimeControl "40/5400+30:1800+30"]

1. d4 Nf6 2. c4 g6 3. Nc3 Bg7 4. e4 d6 5. Nf3 O-O 6. Be2 e5 7. O-O Nc6 8. dxe5 Nxe5 9. Nxe5 dxe5 10. Be3 b6 11. Qxd8 Rxd8 12. Nd5 Rd7 13. f3 c6 14. Nb4 Bb7 15. Rfd1 Rad8 16. Rxd7 Nxd7 17. Rd1 Bf6 18. Nd3 Ba6 19. Nb4 Bb7 20. Nd3 Be7 21. b4 Ba6 22. c5 bxc5 23. bxc5 Kf8 24. Nxe5 Bxe2 25. Rxd7 Rxd7 26. Nxd7+ Ke8 27. Ne5 Bb5 28. f4 Bf6 29. Nf3 Bb2 30. Nd4 Bxd4 31. Bxd4 1/2-1/2

[Event "DEN-chT XtraCon 2018-19"]
[Site "Denmark"]
[Date "2019.01.12"]
[Round "5"]
[White "Palm, Nikolaj"]
[Black "Boe, Mads"]
[Result "1/2-1/2"]
[ECO "A80"]
[WhiteElo "2276"]
[BlackElo "2302"]
[Annotator "NA"]
[PlyCount "34"]
[EventDate "2018.10.27"]
[EventType "team-tourn"]
[EventCountry "DEN"]
[SourceTitle "playchess.com"]
[Source "ChessBase"]
[SourceQuality "1"]
[TimeControl "40/5400+30:1800+30"]

1. d4 f5 2. Nf3 Nf6 3. c4 e6 4. Nc3 Be7 5. e3 d6 6. a3 O-O 7. Bd3 Qe8 8. Qc2 Bd8 9. Bd2 Nc6 10. O-O-O a6 11. h3 b5 12. cxb5 axb5 13. Bxb5 Bd7 14. Bd3 Ne7 15. g4 Bc6 16. Be2 Ne4 17. Rh2 Nd5 1/2-1/2

[Event "DEN-chT XtraCon 2018-19"]
[Site "Denmark"]
[Date "2019.01.12"]
[Round "5"]
[White "Jaksland, Tim"]
[Black "Hove, Esben Kjems"]
[Result "1/2-1/2"]
[ECO "A11"]
[WhiteElo "2264"]
[BlackElo "2314"]
[Annotator "NA"]
[PlyCount "213"]
[EventDate "2018.10.27"]
[EventType "team-tourn"]
[EventCountry "DEN"]
[SourceTitle "playchess.com"]
[Source "ChessBase"]
[SourceQuality "1"]
[TimeControl "40/5400+30:1800+30"]

1. c4 c6 2. Nf3 d5 3. e3 Nf6 4. Nc3 e6 5. b3 Bd6 6. Qc2 O-O 7. Bb2 e5 8. cxd5 cxd5 9. Nb5 Nc6 10. Nxd6 Qxd6 11. h3 Bd7 12. Rc1 Rac8 13. Qb1 d4 14. Be2 dxe3 15. dxe3 Qb4+ 16. Bc3 Qe7 17. O-O Nd5 18. Bb2 e4 19. Nd4 a6 20. Rfd1 Nf6 21. Nxc6 Rxc6 22. Rxc6 Bxc6 23. Qc2 Rd8 24. Rxd8+ Qxd8 25. Bxa6 Qa5 26. Bc4 Qxa2 27. b4 Qa4 28. Qxa4 Bxa4 29. Bxf6 gxf6 30. Kh2 f5 31. Kg3 Kg7 32. Kf4 Kf6 33. Bd5 b6 34. g4 fxg4 35. hxg4 h6 36. Bxe4 Bb3 37. Bf5 Ke7 38. Ke5 f6+ 39. Kd4 Kd6 40. Be4 Bd1 41. f3 Be2 42. Kc3 Ke5 43. Kd2 Bb5 44. Bd3 Bd7 45. Kc3 Be6 46. f4+ Kd6 47. Be2 Bd5 48. Kd4 Bb7 49. e4 Bc6 50. Bf3 Ke6 51. Bd1 Kd6 52. Be2 Ke6 53. Bc4+ Kd6 54. e5+ fxe5+ 55. fxe5+ Ke7 56. Ke3 Be8 57. Ke4 Bg6+ 58. Kd4 Be8 59. Bd3 Bf7 60. Bf5 Bb3 61. Ke3 Ba2 62. Kf4 Bb3 63. Kg3 Bf7 64. Bd3 Be8 65. Kf4 Bd7 66. Bf5 Ba4 67. g5 hxg5+ 68. Kxg5 Bb3 69. Kf4 Ba2 70. Ke3 Bb3 71. Kd4 Ba2 72. Bd3 Bf7 73. Bc4 Bg6 74. Bd5 Bb1 75. Bc4 Bg6 76. Bb3 Bf5 77. Bg8 Bb1 78. Bd5 Kd7 79. Bb3 Bg6 80. Ba4+ Ke7 81. Bc6 Bf7 82. Bd5 Bh5 83. Kc3 Be2 84. Bc4 Bh5 85. Bb3 Bg6 86. Kd4 Bf5 87. Bd5 Bg4 88. Bg8 Bd1 89. Kc4 Be2+ 90. Kd5 Bf3+ 91. Kd4 Bd1 92. Bc4 Bh5 93. Bb3 Bg6 94. e6 Kd6 95. Kc4 Be8 96. Kd4 Bg6 97. Bc4 Be8 98. Ke4 Bg6+ 99. Kf4 Bc2 100. Kg5 Ke7 101. Bd5 Bd3 102. Bb3 Bb1 103. Kf4 Kd6 104. Kg5 Ke7 105. Kf4 Kd6 106. Kg5 Ke7 107. Kf4 1/2-1/2

[Event "DEN-chT XtraCon 2018-19"]
[Site "Denmark"]
[Date "2019.01.12"]
[Round "5"]
[White "Pedersen, Nicolai Kvist Brond"]
[Black "Greger, Roland Reinhard"]
[Result "1-0"]
[ECO "E18"]
[WhiteElo "2262"]
[BlackElo "2296"]
[Annotator "NA"]
[PlyCount "127"]
[EventDate "2018.10.27"]
[EventType "team-tourn"]
[EventCountry "DEN"]
[SourceTitle "playchess.com"]
[Source "ChessBase"]
[SourceQuality "1"]
[TimeControl "40/5400+30:1800+30"]

1. d4 Nf6 2. Nf3 e6 3. c4 b6 4. g3 Bb7 5. Bg2 Be7 6. O-O O-O 7. Nc3 Ne4 8. Bd2 f5 9. Qc2 Bf6 10. Rad1 Nxc3 11. Bxc3 Be4 12. Qb3 Qc8 13. d5 c5 14. Ne1 Bxg2 15. Nxg2 e5 16. e4 d6 17. f4 fxe4 18. fxe5 dxe5 19. Qc2 Qg4 20. Rde1 Nd7 21. Qxe4 Qxe4 22. Rxe4 Bg5 23. Ne1 Rxf1+ 24. Kxf1 Re8 25. Nd3 Bd8 26. Kg2 Bc7 27. Nf2 Nf6 28. Re1 a6 29. Ne4 Nxe4 30. Rxe4 Bd6 31. Kf3 Kf7 32. Re1 b5 33. b3 b4 34. Bb2 Kg6 35. Ke3 Rf8 36. Kd2 Rf2+ 37. Re2 Rxe2+ 38. Kxe2 Kf5 39. Ke3 h5 40. h3 g6 41. g4+ hxg4 42. hxg4+ Kf6 43. Ke4 g5 44. Bc1 a5 45. Be3 Bf8 46. Bg1 Bd6 47. Bf2 Bf8 48. d6 Bxd6 49. Kd5 Be7 50. Bg3 e4 51. Be5+ Kf7 52. Kxe4 Ke6 53. Bc7 Bf6 54. Bb6 Be7 55. Bxa5 Bd6 56. Bb6 Be7 57. Bc7 Kd7 58. Bg3 Ke6 59. Be5 Bf8 60. Bb2 Be7 61. a4 bxa3 62. Bxa3 Bf8 63. Bc1 Be7 64. Be3 {[%emt 0:00:29] Kd5+} 1-0

[Event "DEN-chT XtraCon 2018-19"]
[Site "Denmark"]
[Date "2019.01.12"]
[Round "5"]
[White "Sobjerg, Erik"]
[Black "Nielsen, Thomas Bach"]
[Result "1-0"]
[ECO "B12"]
[WhiteElo "2252"]
[BlackElo "2132"]
[Annotator "NA"]
[PlyCount "43"]
[EventDate "2018.10.27"]
[EventType "team-tourn"]
[EventCountry "DEN"]
[SourceTitle "playchess.com"]
[Source "ChessBase"]
[SourceQuality "1"]
[TimeControl "40/5400+30:1800+30"]

1. e4 c6 2. d4 d5 3. e5 Bf5 4. h4 h5 5. Bd3 Bxd3 6. Qxd3 e6 7. Bg5 Ne7 8. Ne2 Qa5+ 9. Nd2 Qa6 10. c4 Nd7 11. O-O f6 12. exf6 gxf6 13. Nf4 e5 14. Ne6 Rc8 15. Qf3 e4 16. Qf4 Kf7 17. Nc5 Nxc5 18. Qxf6+ Kg8 19. dxc5 Re8 20. Qe6+ Kg7 21. Bf6+ Kh7 22. Qf7+ 1-0

[Event "DEN-chT XtraCon 2018-19"]
[Site "Denmark"]
[Date "2019.01.12"]
[Round "5"]
[White "Schmidt, Kristen"]
[Black "Ostergaard, Jens"]
[Result "0-1"]
[ECO "B31"]
[WhiteElo "2230"]
[BlackElo "2203"]
[Annotator "NA"]
[PlyCount "64"]
[EventDate "2018.10.27"]
[EventType "team-tourn"]
[EventCountry "DEN"]
[SourceTitle "playchess.com"]
[Source "ChessBase"]
[SourceQuality "1"]
[TimeControl "40/5400+30:1800+30"]

1. e4 c5 2. Nf3 Nc6 3. Bb5 g6 4. O-O Bg7 5. Re1 e5 6. c3 Nge7 7. Na3 O-O 8. d3 d6 9. Nc2 a6 10. Bxc6 Nxc6 11. h3 d5 12. exd5 Qxd5 13. Ne3 Qd8 14. Nc4 Qc7 15. Be3 b6 16. a4 Bf5 17. a5 b5 18. Nb6 Rad8 19. Bxc5 Rxd3 20. Qe2 Rfd8 21. Be3 h6 22. Nd2 e4 23. Nb3 Bf8 24. Bc5 Nxa5 25. Rxa5 Bxc5 26. Nxc5 Qxc5 27. Rxa6 R8d6 28. g4 Be6 29. Qxe4 Rxh3 30. Kg2 Rh4 31. Qe3 Rxg4+ 32. Kh2 Qh5+ 0-1

[Event "DEN-chT XtraCon 2018-19"]
[Site "Denmark"]
[Date "2019.01.12"]
[Round "5"]
[White "Jakobsen, Peter"]
[Black "Svenninggaard, Thomas"]
[Result "1-0"]
[ECO "E91"]
[WhiteElo "2181"]
[BlackElo "2131"]
[Annotator "NA"]
[PlyCount "55"]
[EventDate "2018.10.27"]
[EventType "team-tourn"]
[EventCountry "DEN"]
[SourceTitle "playchess.com"]
[Source "ChessBase"]
[SourceQuality "1"]
[TimeControl "40/5400+30:1800+30"]

1. d4 Nf6 2. c4 g6 3. Nc3 Bg7 4. e4 d6 5. Nf3 O-O 6. Be2 Na6 7. O-O c5 8. Re1 cxd4 9. Nxd4 Nc5 10. f3 Ne6 11. Nb3 b6 12. Be3 Ba6 13. Rc1 Nd7 14. Qd2 Rc8 15. Nd5 Re8 16. Red1 Ne5 17. Qb4 Nc6 18. Qa3 Nb8 19. Nb4 Nc5 20. Nxc5 Bxb2 21. Qxb2 bxc5 22. Nxa6 Nxa6 23. Bh6 f6 24. f4 Qa5 25. e5 Rb8 26. Qa1 dxe5 27. fxe5 Rb6 28. Rf1 1-0

[Event "DEN-chT XtraCon 2018-19"]
[Site "Denmark"]
[Date "2019.01.12"]
[Round "5"]
[White "Vesterli, Michael E."]
[Black "Ochsner, Thomas"]
[Result "1-0"]
[ECO "E14"]
[WhiteElo "2167"]
[BlackElo "2289"]
[Annotator "NA"]
[PlyCount "49"]
[EventDate "2018.10.27"]
[EventType "team-tourn"]
[EventCountry "DEN"]
[SourceTitle "playchess.com"]
[Source "ChessBase"]
[SourceQuality "1"]
[TimeControl "40/5400+30:1800+30"]

1. d4 Nf6 2. c4 e6 3. Nf3 b6 4. e3 Bb7 5. Bd3 d5 6. O-O Bd6 7. Nbd2 Nbd7 8. Qc2 O-O 9. e4 dxe4 10. Nxe4 Nxe4 11. Bxe4 Bxe4 12. Qxe4 c5 13. Bg5 Nf6 14. Qh4 Be7 15. dxc5 bxc5 16. Rad1 Qc7 17. Rd3 Rfd8 18. Re3 a5 19. Ne5 Rd4 20. f4 h6 21. Bxh6 Nh7 22. Qg4 Bf6 23. Rg3 Qxe5 24. Qxg7+ Bxg7 25. fxe5 1-0

[Event "DEN-chT XtraCon 2018-19"]
[Site "Denmark"]
[Date "2019.01.12"]
[Round "5"]
[White "Brorsen, Jacob Abildlund"]
[Black "Rendboe, John Filip"]
[Result "1/2-1/2"]
[ECO "B34"]
[WhiteElo "2132"]
[BlackElo "2114"]
[Annotator "NA"]
[PlyCount "57"]
[EventDate "2018.10.27"]
[EventType "team-tourn"]
[EventCountry "DEN"]
[SourceTitle "playchess.com"]
[Source "ChessBase"]
[SourceQuality "1"]
[TimeControl "40/5400+30:1800+30"]

1. e4 c5 2. Nf3 Nc6 3. d4 cxd4 4. Nxd4 Nf6 5. Nc3 e5 6. Ndb5 d6 7. Nd5 Nxd5 8. exd5 Ne7 9. c4 Nf5 10. Bd3 Be7 11. Nc3 O-O 12. O-O g6 13. a4 a5 14. Ra3 Bg5 15. Nb5 Bxc1 16. Qxc1 Re8 17. Re1 Bd7 18. Bxf5 Bxf5 19. Qe3 Rc8 20. Rc3 Rc5 21. b3 Qf6 22. h4 Bd7 23. Qh6 Bxb5 24. axb5 Rec8 25. Rf3 Qe7 26. Ra1 b6 27. h5 Re8 28. hxg6 fxg6 29. Qe3 1/2-1/2

[Event "DEN-chT XtraCon 2018-19"]
[Site "Denmark"]
[Date "2019.01.12"]
[Round "5"]
[White "Erlandsen, Carsten"]
[Black "Ejsing, Esben"]
[Result "0-1"]
[ECO "E16"]
[WhiteElo "2068"]
[BlackElo "2127"]
[Annotator "NA"]
[PlyCount "92"]
[EventDate "2018.10.27"]
[EventType "team-tourn"]
[EventCountry "DEN"]
[SourceTitle "playchess.com"]
[Source "ChessBase"]
[SourceQuality "1"]
[TimeControl "40/5400+30:1800+30"]

1. d4 Nf6 2. c4 e6 3. Nf3 b6 4. g3 Bb7 5. Bg2 Bb4+ 6. Bd2 Bxd2+ 7. Qxd2 O-O 8. Nc3 d6 9. O-O Nbd7 10. Qc2 Qe7 11. e3 c5 12. d5 exd5 13. Nh4 Ne5 14. cxd5 Ba6 15. Rfd1 g6 16. a4 Nfd7 17. e4 c4 18. Nb5 Rfc8 19. f4 Nd3 20. e5 Bxb5 21. axb5 dxe5 22. d6 Qxd6 23. Bxa8 Qd4+ 24. Kf1 Rxa8 25. b3 N7c5 26. bxc4 e4 27. Ra3 Re8 28. Ng2 Re7 29. Ne1 Rd7 30. Ng2 f5 31. Ne1 Kf8 32. Ng2 Kg8 33. Ne1 Qe3 34. Qe2 Qd4 35. Nxd3 exd3 36. Qe8+ Kg7 37. Qe5+ Qxe5 38. fxe5 Kf7 39. Rda1 Ke6 40. Rxa7 Rxa7 41. Rxa7 Kxe5 42. Ra6 Kd4 43. Rxb6 Ke3 44. Ke1 d2+ 45. Kd1 Ne4 46. Rb8 Nf2+ {[%emt 0:00:00] Rb7} 0-1

[Event "DEN-chT XtraCon 2018-19"]
[Site "Denmark"]
[Date "2017.12.17"]
[Round "5"]
[White "Tobias Dreisler, SK."]
[Black "Christensen, Jan Schleicher"]
[Result "0-1"]
[ECO "C45"]
[WhiteElo "1968"]
[BlackElo "2219"]
[Annotator "NA"]
[PlyCount "50"]
[EventDate "2018.10.27"]
[EventType "team-tourn"]
[EventCountry "DEN"]
[SourceTitle "playchess.com"]
[Source "ChessBase"]
[SourceQuality "1"]
[TimeControl "40/5400+30:1800+30"]

1. e4 e5 2. Nf3 Nc6 3. d4 exd4 4. Nxd4 Bc5 5. Be3 Qf6 6. c3 Nge7 7. Bc4 b6 8. O-O Bb7 9. Nb5 O-O-O 10. Bxc5 bxc5 11. Nd2 Qg6 12. Qa4 f5 13. Nxa7+ Nxa7 14. Qxa7 fxe4 15. Qxc5 e3 16. f3 exd2 17. Qxe7 Rhe8 18. Qf7 Qb6+ 19. Kh1 Qxb2 20. Rad1 Qxc3 21. Qf4 g5 22. Qg4 h5 23. Qxh5 Qxc4 24. Qxg5 Qxf1+ 25. Rxf1 Re1 0-1

[Event "DEN-chT XtraCon 2018-19"]
[Site "Denmark"]
[Date "2019.01.13"]
[Round "6"]
[White "Brunello, Sabino"]
[Black "Borovnica, Tihomir"]
[Result "*"]
[ECO "E81"]
[WhiteElo "2530"]
[BlackElo "2247"]
[Annotator "ChessBase"]
[PlyCount "21"]
[EventDate "2018.10.27"]
[EventType "team-tourn"]
[EventCountry "DEN"]
[SourceTitle "playchess.com"]
[Source "ChessBase"]
[SourceQuality "1"]
[TimeControl "40/5400+30:1800+30"]

1. c4 g6 2. d4 Nf6 3. Nc3 Bg7 4. e4 d6 5. f3 O-O 6. Be3 c5 7. Nge2 Qa5 8. Nc1 Nc6 9. Nb3 Qc7 10. Rc1 Rb8 11. Nd2 *

[Event "DEN-chT XtraCon 2018-19"]
[Site "Denmark"]
[Date "2019.01.13"]
[Round "6"]
[White "Zude, Erik, Dr."]
[Black "Firooznia, Farzam"]
[Result "1-0"]
[ECO "A30"]
[WhiteElo "2399"]
[BlackElo "2101"]
[Annotator "NA"]
[PlyCount "83"]
[EventDate "2018.10.27"]
[EventType "team-tourn"]
[EventCountry "DEN"]
[SourceTitle "playchess.com"]
[Source "ChessBase"]
[SourceQuality "1"]
[TimeControl "40/5400+30:1800+30"]

1. c4 c5 2. Nf3 Nc6 3. Nc3 g6 4. e3 Bg7 5. d4 cxd4 6. exd4 d6 7. d5 Ne5 8. Nxe5 Bxe5 9. Be2 Bg7 10. O-O Nf6 11. Be3 O-O 12. Bd4 Re8 13. Qd2 Bf5 14. Rfe1 h5 15. h3 Qa5 16. Rad1 Ne4 17. Nxe4 Qxd2 18. Rxd2 Bxe4 19. Bxg7 Kxg7 20. Bxh5 Bxg2 21. Bg4 f5 22. Kxg2 fxg4 23. hxg4 Rac8 24. Re4 Rc7 25. Rde2 g5 26. b3 Kf7 27. R2e3 Rf8 28. Re6 a6 29. Rh3 Rg8 30. a4 Rg7 31. Rh8 b5 32. cxb5 axb5 33. a5 b4 34. Rb8 Ra7 35. Rb5 Rg8 36. Rxb4 Rxa5 37. Rb7 Rxd5 38. Rbxe7+ Kf8 39. Rd7 Rd3 40. Rexd6 Rxb3 41. Rd8+ Kg7 42. Rxg8+ 1-0

[Event "DEN-chT XtraCon 2018-19"]
[Site "Denmark"]
[Date "2019.01.13"]
[Round "6"]
[White "Sorensen, Jan"]
[Black "Jaksland, Tim"]
[Result "1-0"]
[ECO "B47"]
[WhiteElo "2395"]
[BlackElo "2264"]
[Annotator "NA"]
[PlyCount "83"]
[EventDate "2018.10.27"]
[EventType "team-tourn"]
[EventCountry "DEN"]
[SourceTitle "playchess.com"]
[Source "ChessBase"]
[SourceQuality "1"]
[TimeControl "40/5400+30:1800+30"]

1. e4 c5 2. Nf3 e6 3. d4 cxd4 4. Nxd4 Nc6 5. Nc3 Qc7 6. Qd3 Nxd4 7. Qxd4 a6 8. Be3 b5 9. a4 b4 10. Na2 Rb8 11. Qa7 Qxa7 12. Bxa7 Ra8 13. Bd4 Bb7 14. f3 Nf6 15. Nc1 Rc8 16. Kd2 d5 17. e5 Nd7 18. Nb3 Bc5 19. Nxc5 Nxc5 20. a5 Ke7 21. h4 Rc7 22. h5 h6 23. Rh4 Rhc8 24. Rg4 Kf8 25. Be2 Nd7 26. Bd3 Nb8 27. f4 Nc6 28. Bc5+ Kg8 29. Bd6 Rd7 30. f5 Kh8 31. fxe6 fxe6 32. Rf1 Nxa5 33. b3 Nc6 34. Rg6 Nd4 35. Bxb4 Kg8 36. Rg4 Nc6 37. Bd6 Re8 38. Rgf4 Ne7 39. g4 Bc8 40. b4 Bb7 41. Rf7 d4 42. Bc4 1-0

[Event "DEN-chT XtraCon 2018-19"]
[Site "Denmark"]
[Date "2019.01.13"]
[Round "6"]
[White "Pedersen, Nicolai Vesterbaek"]
[Black "Schmidt, Kristen"]
[Result "1-0"]
[ECO "E81"]
[WhiteElo "2392"]
[BlackElo "2230"]
[Annotator "NA"]
[PlyCount "45"]
[EventDate "2018.10.27"]
[EventType "team-tourn"]
[EventCountry "DEN"]
[SourceTitle "playchess.com"]
[Source "ChessBase"]
[SourceQuality "1"]
[TimeControl "40/5400+30:1800+30"]

1. d4 Nf6 2. c4 g6 3. Nc3 Bg7 4. e4 d6 5. f3 O-O 6. Nge2 c5 7. d5 e6 8. Ng3 exd5 9. cxd5 Nbd7 10. Be2 h5 11. Bg5 Qb6 12. Qd2 Nh7 13. Bh4 Ne5 14. O-O Re8 15. h3 Qb4 16. f4 Nc4 17. Bxc4 Qxc4 18. Kh1 Bd7 19. f5 Qd4 20. Qf4 Qe5 21. fxg6 fxg6 22. Qf7+ Kh8 23. Qxd7 1-0

[Event "DEN-chT XtraCon 2018-19"]
[Site "Denmark"]
[Date "2019.01.13"]
[Round "6"]
[White "Hoi, Carsten"]
[Black "Jacobsen, Mikkel Manosri"]
[Result "1-0"]
[ECO "A04"]
[WhiteElo "2374"]
[BlackElo "2319"]
[Annotator "NA"]
[PlyCount "37"]
[EventDate "2018.10.27"]
[EventType "team-tourn"]
[EventCountry "DEN"]
[SourceTitle "playchess.com"]
[Source "ChessBase"]
[SourceQuality "1"]
[TimeControl "40/5400+30:1800+30"]

1. Nf3 c5 2. c4 Nc6 3. e3 Nf6 4. d4 cxd4 5. exd4 d5 6. Nc3 Bg4 7. Be3 g6 8. h3 Be6 9. Ng5 Bc8 10. cxd5 Nxd5 11. Qf3 Nf6 12. Bc4 e6 13. O-O-O Be7 14. d5 Ne5 15. Bb5+ Nfd7 16. Qg3 Bxg5 17. Bxg5 Qc7 18. Bf4 O-O 19. Bxd7 1-0

[Event "DEN-chT XtraCon 2018-19"]
[Site "Denmark"]
[Date "2019.01.13"]
[Round "6"]
[White "Borge, Nikolaj"]
[Black "Skytte, Rasmus"]
[Result "1-0"]
[ECO "B06"]
[WhiteElo "2370"]
[BlackElo "2382"]
[Annotator "NA"]
[PlyCount "85"]
[EventDate "2018.10.27"]
[EventType "team-tourn"]
[EventCountry "DEN"]
[SourceTitle "playchess.com"]
[Source "ChessBase"]
[SourceQuality "1"]
[TimeControl "40/5400+30:1800+30"]

1. e4 g6 2. Nc3 Bg7 3. d4 d6 4. Be3 a6 5. Qd2 b5 6. f3 c6 7. g4 Nd7 8. Nge2 Nb6 9. b3 Qc7 10. h4 h6 11. a4 b4 12. Nd1 a5 13. Rc1 Nf6 14. h5 g5 15. Ng3 e6 16. Bd3 Nbd7 17. Nf2 c5 18. c3 bxc3 19. Qxc3 Qb8 20. dxc5 dxc5 21. Bxc5 Qxg3 22. Ba3 Bb7 23. Bb5 Rd8 24. Qc7 Qxf3 25. Rh3 Qg2 26. Qxb7 Bf8 27. Bxf8 Kxf8 28. Bf1 Qg1 29. Qc7 Kg7 30. Rh1 Qxh1 31. Nxh1 Nxe4 32. Rd1 Nef6 33. Bb5 Rc8 34. Qxa5 Nc5 35. Nf2 Nxb3 36. Qb4 Nc5 37. Qb2 Rb8 38. Rc1 Nxa4 39. Qe5 Nb6 40. Ne4 Nbd5 41. Rc5 Rb6 42. Bc6 Rd8 43. Rxd5 1-0

[Event "DEN-chT XtraCon 2018-19"]
[Site "Denmark"]
[Date "2019.01.13"]
[Round "6"]
[White "Jensen, Bjarke"]
[Black "Rewitz, Poul"]
[Result "1/2-1/2"]
[ECO "B33"]
[WhiteElo "2322"]
[BlackElo "2233"]
[Annotator "NA"]
[PlyCount "130"]
[EventDate "2018.10.27"]
[EventType "team-tourn"]
[EventCountry "DEN"]
[SourceTitle "playchess.com"]
[Source "ChessBase"]
[SourceQuality "1"]
[TimeControl "40/5400+30:1800+30"]

1. e4 c5 2. Nf3 Nc6 3. d4 cxd4 4. Nxd4 Nf6 5. Nc3 e5 6. Ndb5 d6 7. Bg5 a6 8. Na3 b5 9. Nd5 Be7 10. Bxf6 Bxf6 11. c3 Bg5 12. Nc2 Rb8 13. g3 O-O 14. Bg2 Be6 15. O-O Qd7 16. f4 Bh6 17. Nde3 Ne7 18. f5 Bc4 19. Rf2 f6 20. Ng4 Kh8 21. Nxh6 gxh6 22. Qd2 Ng8 23. Qe3 Rfd8 24. Rd2 Qc7 25. Bf3 Bf7 26. Kf2 Kg7 27. Nb4 Qb6 28. Bd1 a5 29. Qxb6 Rxb6 30. Nd3 d5 31. Nc5 Rc8 32. b4 Ne7 33. Bf3 axb4 34. cxb4 d4 35. Be2 Ra8 36. Rc1 Rxa2 37. Rxa2 Bxa2 38. Ra1 Bf7 39. Ra7 Nc6 40. Rc7 Nd8 41. Ne6+ Rxe6 42. fxe6 Nxe6 43. Rb7 Ng5 44. Bd3 f5 45. exf5 e4 46. Bxb5 Kf6 47. h4 e3+ 48. Kf1 Ne4 49. g4 Nd6 50. Rb6 Ke5 51. Bd3 Ne4 52. Rxh6 Bd5 53. Rxh7 Nf2 54. Be2 d3 55. Re7+ Kf4 56. Bxd3 Nxd3 57. f6 Bc4 58. g5 Ne5+ 59. Ke1 Nf3+ 60. Kd1 Bb3+ 61. Kc1 Ne5 62. b5 Nd3+ 63. Kb1 Ne5 64. Kc1 Nd3+ 65. Kb1 Ne5 1/2-1/2

[Event "DEN-chT XtraCon 2018-19"]
[Site "Denmark"]
[Date "2019.01.13"]
[Round "6"]
[White "Sahl, Bjarke"]
[Black "Aabling-Thomsen, Jakob"]
[Result "1-0"]
[ECO "A85"]
[WhiteElo "2317"]
[BlackElo "2374"]
[Annotator "NA"]
[PlyCount "49"]
[EventDate "2018.10.27"]
[EventType "team-tourn"]
[EventCountry "DEN"]
[SourceTitle "playchess.com"]
[Source "ChessBase"]
[SourceQuality "1"]
[TimeControl "40/5400+30:1800+30"]

1. d4 f5 2. c4 Nf6 3. Nc3 g6 4. h4 d6 5. Nh3 Nc6 6. Bg5 Bg7 7. Nf4 Ng4 8. e3 O-O 9. c5 Qe8 10. Qb3+ Kh8 11. h5 gxh5 12. Ncd5 dxc5 13. Nxc7 Nxd4 14. exd4 Qc6 15. Rxh5 Bxd4 16. Bb5 Qxc7 17. Ng6+ Kg7 18. Nxf8 Qe5+ 19. Kf1 Kxf8 20. Rxh7 Be6 21. Qh3 f4 22. Qh5 Qf5 23. Re1 Kg8 24. Rxe6 Qxe6 25. Rxe7 1-0

[Event "DEN-chT XtraCon 2018-19"]
[Site "Denmark"]
[Date "2019.01.13"]
[Round "6"]
[White "Hove, Esben Kjems"]
[Black "Olsen, Filip Boe"]
[Result "1/2-1/2"]
[ECO "D02"]
[WhiteElo "2314"]
[BlackElo "2359"]
[Annotator "NA"]
[PlyCount "88"]
[EventDate "2018.10.27"]
[EventType "team-tourn"]
[EventCountry "DEN"]
[SourceTitle "playchess.com"]
[Source "ChessBase"]
[SourceQuality "1"]
[TimeControl "40/5400+30:1800+30"]

1. d4 d5 2. Nf3 Nf6 3. g3 g6 4. Bg2 Bg7 5. O-O O-O 6. Bf4 c5 7. dxc5 Na6 8. c3 Nxc5 9. Nbd2 b6 10. Nb3 Nce4 11. Ng5 Bb7 12. Nxe4 Nxe4 13. a4 e5 14. Be3 Qc7 15. a5 Rfd8 16. axb6 axb6 17. Qd3 Nc5 18. Qc2 Ne6 19. Rxa8 Rxa8 20. Ra1 Rxa1+ 21. Nxa1 b5 22. Qb3 d4 23. cxd4 exd4 24. Bd2 Bxg2 25. Kxg2 Qc4 26. Qf3 h5 27. Nb3 Qc2 28. Bc1 Bf8 29. Qd3 Qc6+ 30. f3 Bg7 31. Bd2 Qc4 32. Kf2 Bf6 33. Na5 Qd5 34. Nb3 h4 35. Kg2 hxg3 36. hxg3 Qc4 37. Kf2 Qa4 38. f4 Qc4 39. Ke1 Qc6 40. Kd1 Qh1+ 41. Kc2 Qc6+ 42. Kd1 Qh1+ 43. Kc2 Qc6+ 44. Kd1 Qh1+ 1/2-1/2